 Dungeon Crawl Stone Soup version 0.28.0-53-g5a82cb258f (webtiles) character file.

Game seed: 5741444054599808463

2 Zeld the Digger (level 1, -1/10 HPs)
             Began as a Gargoyle Earth Elementalist on Aug 2, 2022.
             Killed from afar by a dart slug (2 damage)
             ... with a slug dart
             ... on level 1 of the Dungeon.
             The game lasted 00:00:25 (64 turns).

Zeld the Digger (Gargoyle Earth Elementalist)         Turns: 64, Time: 00:00:25

Health: -1/10      AC:  4    Str: 11    XL:     1   Next: 40%
Magic:  1/3        EV: 11    Int: 15    God:
Gold:   0          SH:  0    Dex: 10    Spells: 3/4 levels left

rFire   . . .      SeeInvis .   (no weapon)
rCold   . . .      Faith    .   (no shield)
rNeg    + . .      Spirit   .   b - +0 robe
rPois   ∞          Reflect  .   (no helmet)
rElec   +          Harm     .   (no cloak)
rCorr   .          Rampage  .   (no gloves)
Will    .....                   (no boots)
Stlth   ++........              (no amulet)
HPRegen 0.03/turn               (no ring)
MPRegen 0.08/turn               (no ring)

@: no status effects
A: sickness immunity, AC +2, negative energy resistance 1, electricity
resistance, torment resistance 1, petrification resistance
a: no special abilities


You were on level 1 of the Dungeon.
You visited 1 branch of the dungeon, and saw 1 of its levels.

Inventory:

Missiles
 c - 25 stones
Armour
 b - a +0 robe (worn)


   Skills:
 + Level 1.5 Dodging
 + Level 2.2 Stealth
 * Level 2.0 Spellcasting
 + Level 0.7 Transmutations
 * Level 3.7 Earth Magic


You had 3 spell levels left.
You knew the following spells:

 Your Spells              Type           Power      Damage    Failure   Level
a - Sandblast             Erth           24%        2d8       4%          1

Your spell library contained the following spells:

 Spells                   Type           Power      Damage    Failure   Level
 Passwall                 Tmut/Erth      6%         N/A       13%         2
 Stone Arrow              Conj/Erth      14%        3d7       30%         3
 Petrify                  Tmut/Erth      8%         N/A       65%         4


Dungeon Overview and Level Annotations

Branches:
Dungeon (1/15)

Altars:


Innate Abilities, Weirdness & Mutations

You are immune to sickness and miasma.
Your stone body is resilient. (AC +2)
You are immune to poison.
You resist negative energy. (rN+)
You are resistant to electric shocks. (rElec)
You are resistant to unholy torment.
You are immune to petrification.


Message History

a +0 dagger; a goblin corpse The blast of sand hits the goblin.
The goblin is almost dead.
The dart slug launches a dart at you. The slug dart misses you.
Things that are here:
a +0 dagger; a goblin corpse The dart slug launches a dart at you.
The slug dart misses you. The dart slug launches a dart at you.
The slug dart hits you.
The blast of sand hits the goblin.
You kill the goblin!
You start resting.
A dart slug is nearby!
A dart slug is nearby!
A dart slug is nearby!
The blast of sand hits the dart slug.
The dart slug is severely wounded.
You hit the dart slug but do no damage.
The dart slug is severely wounded.
You hit the dart slug.
The dart slug is almost dead.
The dart slug launches a dart at you. The slug dart hits you.
Ouch! That really hurt!
* * * LOW HITPOINT WARNING * * *
You hit the dart slug but do no damage.
The dart slug is almost dead.
The dart slug launches a dart at you. The slug dart misses you.
You are too injured to fight recklessly!
You completely miss the dart slug.
The dart slug is almost dead.
You are too injured to fight recklessly!
A dart slug is nearby!
You see here a +0 club.
The dart slug launches a dart at you. The slug dart hits you.
You die...

#..≈≈.≈.≈...#
#...≈≈.≈.≈..#
........≈..##
#........##
...##....w...#
#........#...#
.....#w####.#
...###...#..#
###.........)@.#
##..###.##.....##
##....##.#......##
#.....#..........#
#...........######
#..........##
........)..#
#..........#
..........##


You could see a dart slug.

Vanquished Creatures
  2 goblins (D:1)
2 creatures vanquished.

Notes
Turn   | Place    | Note
-------+----------+-------------------------------------------
     0 | D:1      | Zeld the Gargoyle Earth Elementalist began the quest for
                  | the Orb.
     0 | D:1      | Reached XP level 1. HP: 10/10 MP: 3/3
    64 | D:1      | Killed from afar by a dart slug

Illustrated notes

Levels and vault maps discovered:
D:1:      dpeg_arrival_more_subterranean_lakeside_camping, layout_rooms,
          serial_glass, glass_columns_a, glass_columns_a

Action                   || total
-------------------------++-------
Melee: Unarmed           ||     4
 Cast: Sandblast         ||     5
Dodge: Dodged            ||     3
